 Dungeon Crawl Stone Soup version 0.24-a0-347-g1a3e1d35ff (webtiles) character file.

Game seed: 17132118395659424834

187805 Gumption the Timeless (level 18, -20/114 HPs)
             Began as a Gargoyle Gladiator on May 23, 2019.
             Was a High Priest of Cheibriados.
             Demolished by an alligator snapping turtle (31 damage)
             ... on level 4 of the Shoals on May 24, 2019.
             The game lasted 03:36:52 (28810 turns).

Gumption the Timeless (Gargoyle Gladiator)         Turns: 28810, Time: 03:36:53

Health: -20/114    AC: 38    Str: 36    XL:     18   Next: 52%
Magic:  29/30      EV: 15    Int: 24    God:    Cheibriados [*****.]
Gold:   344        SH: 21    Dex: 26    Spells: 17/17 levels left

rFire    + + .     SeeInvis +   a - +8 flail of Evolution {elec, +Inv rN+ Int+2 SInv}
rCold    . . .     Gourm    .   r - +0 shield
rNeg     + + +     Faith    .   s - +1 fire dragon scales
rPois    ∞         Spirit   .   c - +0 helmet
rElec    +         Reflect  +   u - +2 ratskin cloak {+Rats rPois rN+ Str-1 Int-1 Dex+1}
rCorr    .         Harm     .   x - +1 pair of gloves
MR       +....                  Q - +2 pair of boots {Stlth+}
Stlth    ..........             b - +4 amulet of reflection
HPRegen  0.29/turn              Y - +3 ring of evasion
MPRegen  0.22/turn              M - ring of protection from cold

@: flying, very slow
A: big wings, negative energy resistance 1, electricity resistance, unbreathing,
petrification resistance, rot immunity, AC +13
a: Stop Flying, Bend Time, Temporal Distortion, Slouch, Step From Time, Renounce
Religion, Evoke Ratskin, Evoke Invisibility


You were on level 4 of the Shoals.
You worshipped Cheibriados.
Cheibriados was extremely pleased with you.
You were not hungry.

You visited 6 branches of the dungeon, and saw 32 of its levels.

You collected 2868 gold pieces.
You spent 2524 gold pieces at shops.

Inventory:

Hand Weapons
 a - the +8 flail of Evolution (weapon) {elec, +Inv rN+ Int+2 SInv}
   (You bought it in a shop on level 2 of the Orcish Mines)

   Occasionally, upon striking a foe, it will discharge some electrical energy
   and cause terrible harm.
   It affects your intelligence (+2).
   It protects you from negative energy.
   It lets you see invisible.
   It lets you turn invisible.
 g - the +9 mace "Rittomy" {freeze, rF+ rC+}
   (You bought it in a shop on level 6 of the Dungeon)

   It has been specially enchanted to freeze those struck by it, causing extra
   injury to most foes and up to half again as much damage against particularly
   susceptible opponents.
   It can also slow down cold-blooded creatures.
   It protects you from fire.
   It protects you from cold.
Missiles
 d - 2 throwing nets
 n - 2 poisoned darts
 F - 23 boomerangs (quivered)
 O - 25 silver javelins
 X - 4 javelins
Armour
 c - a +0 helmet (worn)
 r - a +0 shield (worn)
 s - +1 fire dragon scales (worn)
 u - the +2 ratskin cloak (worn) {+Rats rPois rN+ Str-1 Int-1 Dex+1}
   (You found it on level 6 of the Dungeon)

   It affects your strength (-1).
   It affects your intelligence (-1).
   It affects your dexterity (+1).
   It protects you from poison.
   It protects you from negative energy.
 x - a +1 pair of gloves (worn)
 Q - a +2 pair of boots of stealth (worn)
Jewellery
 b - a +4 amulet of reflection (around neck)
 A - an uncursed amulet of regeneration
 J - an uncursed ring of resist corrosion
 M - a ring of protection from cold (right hand)
 S - a +1 ring of evasion
 Y - a +3 ring of evasion (left hand)
Wands
 h - a wand of digging (14)
 m - a wand of acid (33)
 D - a wand of paralysis (14)
 L - a wand of iceblast (13)
 R - a wand of disintegration (9)
 T - a wand of enslavement (17)
 V - a wand of clouds (7)
Scrolls
 f - 3 scrolls of fear
 i - 8 scrolls of teleportation
 p - 3 scrolls of fog
 t - 14 scrolls of remove curse
 v - 9 scrolls of immolation
 y - 6 scrolls of magic mapping
 z - 3 scrolls of identify
 C - 3 scrolls of vulnerability
 E - 5 scrolls of enchant weapon
 H - 4 scrolls of enchant armour
 K - a scroll of summoning
 U - 5 scrolls of blinking
Potions
 j - 2 potions of magic
 k - 5 potions of brilliance
 l - 4 potions of ambrosia
 o - 7 potions of mutation
 q - 5 potions of curing
 w - 5 potions of lignification
 B - 5 potions of might
 G - 2 potions of heal wounds
 N - 2 potions of invisibility
 P - 3 potions of agility
 Z - 2 potions of cancellation
Comestibles
 e - 60 rations
 I - 5 chunks of flesh


   Skills:
 + Level 13.3 Fighting
 - Level 14.0 Maces & Flails
 + Level 11.5 Throwing
 + Level 13.1 Armour
 - Level 2.4 Dodging
 - Level 15.0 Shields
 * Level 17.2 Invocations


You had 17 spell levels left.
You didn't know any spells.
Your spell library contained the following spells:

 Spells                   Type           Power        Failure   Level  Hunger
 Corona                   Hex            #......      26%         1    ##.....
 Flame Tongue             Conj/Fire      #....        26%         1    ##.....
 Summon Butterflies       Summ           #.......     26%         1    ##.....
 Ensorcelled Hibernation  Hex/Ice        #.....       36%         2    ###....
 Confuse                  Hex            #.......     58%         3    ####...
 Dazzling Spray           Conj/Hex       #.....       58%         3    ####...
 Inner Flame              Hex/Fire       #.......     58%         3    ####...
 Tukima's Dance           Hex            #.......     58%         3    ####...
 Cause Fear               Hex            #.........   94%         4    #####..
 Summon Lightning Spire   Summ/Air       #.......     94%         4    #####..
 Bolt of Magma            Conj/Fire/Erth #.........   100%        5    ######.
 Silence                  Hex/Air        #.........   100%        5    ######.
 Yara's Violent Unravell  Hex/Tmut       #.........   100%        5    ######.
 Deflect Missiles         Chrm/Air       #.........   100%        6    #######
 Discord                  Hex            #.........   100%        8    #######


Dungeon Overview and Level Annotations

Branches:
Dungeon (15/15)            Temple (1/1) D:4            Lair (6/6) D:9
 Shoals (4/4) Lair:2       Spider (4/4) Lair:4        Slime (0/5) Lair:5
    Orc (2/2) D:10            Elf (0/3) Orc:2        Vaults (0/5) D:14
 Depths (0/5) D:15

Altars:
Ashenzari
Cheibriados
Dithmenos
Elyvilon
Fedhas
Gozag
Hepliaklqana
Kikubaaqudgha
Makhleb
Nemelex Xobeh
Okawaru
Qazlal
Ru
Sif Muna
Trog
Uskayaw
Vehumet
Wu Jian
Xom
Yredelemnul
Zin
The Shining One
Beogh

Shops:
D:4 :   D:6 (   D:10 **%?%   Orc:1 [**}%   Orc:2 (:[*

Annotations:
D:9 3 runed translucent doors
Lair:4 2 transporters, Ijashusm's ghost, journeyman MiBe
Lair:5 exclusion: 4 oklob plants
Lair:6 exclusion: 2 oklob plants
Spider:1 1 runed translucent door, Monuek's ghost, adept TrMo
Orc:1 2 transporters, Ymoj Xits's ghost, journeyman FeCK


Innate Abilities, Weirdness & Mutations

You are resistant to torment.
Your stone body is resilient. (AC +13)
You are immune to poison.
Your large and strong wings let you fly indefinitely.
You resist negative energy. (rN+)
You are resistant to electric shocks. (rElec)
You can survive without breathing.
You are immune to petrification.
You are immune to rotting.


Message History

The alligator snapping turtle bites you but does no damage.
You hit the merfolk avatar.
You break out of your daze!
You kill the merfolk avatar!
Cheibriados appreciates the change of pace.
You block the snapping turtle's attack.
You hit the alligator snapping turtle but do no damage.
The alligator snapping turtle is lightly wounded.
The alligator snapping turtle bites you!!
* * * LOW HITPOINT WARNING * * *
You sock the alligator snapping turtle!
The alligator snapping turtle is moderately wounded.
The snapping turtle bites you but does no damage.
Your fire dragon scales prevents you from hitting the alligator snapping turtle.
The alligator snapping turtle is moderately wounded.
You hit the alligator snapping turtle but do no damage.
The alligator snapping turtle is moderately wounded.
You block the snapping turtle's attack.
The alligator snapping turtle bites you!!
You die...

......≈.≈≈≈≈.....≈≈≈
......≈≈≈≈...###..≈≈
......≈≈≈..########≈
..≈≈...≈≈....##...##
.≈≈≈≈≈≈≈.....#.....#
.≈≈≈≈≈≈......#..[..#
.≈≈≈≈≈..#....#.....#
≈≈≈≈≈≈≈......##.tt# ≈
≈≈≈≈≈≈..≈≈..$.##@##≈≈≈≈
≈≈..≈≈≈≈..?.)..≈≈≈≈≈.
≈≈≈.≈≈≈≈...........≈.
......≈≈.............
..#...≈≈.............
....≈≈≈≈!...........#
....≈≈≈≈≈............
###..≈≈≈≈≈≈≈....(....
.≈≈≈≈≈≈#####≈≈..


You could see an alligator snapping turtle and a snapping turtle.

Vanquished Creatures
  Saint Roka (Orc:2)
  Arachne (Spider:2)
  Nikola (Shoals:1)
  Rupert (Orc:2)
  A kraken (Shoals:2)
  Gastronok (Lair:1)
  3 ghost moths
  An emperor scorpion (Spider:2)
  Aizul (Spider:2)
  3 entropy weavers
  A spark wasp (Spider:2)
  2 merfolk javelineers
  Erolcha (D:11)
  2 merfolk impalers
  An ogre mage (D:13)
  Josephine (Orc:2)
  9 hydras
  A rakshasa (D:15)
  2 merfolk avatars
  4 merfolk aquamancers
  3 centaur warriors
  An alligator snapping turtle (Shoals:1)
  4 catoblepae
  Erica (D:10)
  A satyr (Shoals:3)
  8 two-headed ogres
  5 death yaks (Lair:6)
  4 tengu warriors
  An orc high priest (Orc:2)
  Urug (D:13)
  A skeletal warrior (D:14)
  5 unseen horrors
  9 sea snakes
  A glowing orange brain (D:15)
  9 harpies
  16 wolf spiders
  6 orc knights
  A wolf spider zombie (D:15)
  4 orc sorcerers (Orc:2)
  29 ugly things
  4 cyclopes
  5 manticores
  8 orb spiders
  7 fauns
  An oklob plant (Lair:6)
  Maurice (D:8)
  7 slime creatures
  3 moths of wrath
  A black mamba (shapeshifter) (D:13)
  8 merfolk sirens
  7 water nymphs
  4 black mambas
  2 torpor snails
  2 gargoyles
  8 spiny frogs
  9 centaur skeletons
  3 rime drakes
  9 demonic crawlers
  5 komodo dragons
  7 yaktaurs
  A tengu conjurer (D:15)
  A queen bee (shapeshifter) (D:14)
  A meliai (shapeshifter) (D:15)
  A troll (shapeshifter) (D:15)
  4 wind drakes
  A queen bee (Orc:1)
  4 trolls
  26 jumping spiders
  3 meliai (Spider:2)
  A polar bear (Lair:5)
  3 hornets
  20 merfolk
  Grinder (D:5)
  5 snapping turtles
  27 blink frogs
  11 hippogriffs
  20 dream sheep
  A spriggan (shapeshifter) (D:14)
  Sigmund (D:5)
  13 water elementals
  74 redbacks
  A centaur simulacrum (D:14)
  6 wraiths
  20 tarantellas
  2 wyverns
  49 yaks
  3 basilisks
  A human (D:12)
  5 hungry ghosts
  3 hogs (D:12)
  A warg (Orc:1)
  Menkaure (D:5)
  An acid dragon (D:13)
  A soldier ant (D:11)
  A water moccasin (shapeshifter) (D:15)
  The ghost of kaisn the Magician, an amateur OpWz of Cheibriados (D:4)
  9 porcupines
  8 water moccasins
  A floating eye (Lair:6)
  A hornet zombie (D:6)
  40 orc warriors
  6 sky beasts
  2 black bears
  2 ice beasts
  A phantom (D:11)
  3 boggarts (D:14)
  An eye of draining (D:12)
  A necrophage (D:11)
  18 ogres
  14 centaurs
  17 crocodiles
  3 big kobolds
  19 bullfrogs
  A gnoll sergeant (D:10)
  Blork the orc (D:4)
  6 scorpions
  2 wyvern skeletons
  32 killer bees
  3 howler monkeys
  An electric eel (Spider:3)
  6 crimson imps
  4 bullfrog zombies
  5 centaur zombies
  3 jellies
  11 hounds
  2 quasits
  26 orc priests
  Crazy Yiuf (D:3)
  2 bullfrog skeletons
  Jessica (D:2)
  6 iguanas
  Terence (D:2)
  46 orc wizards
  15 hell rats
  8 worker ants
  2 hound zombies
  2 worker ant zombies (D:6)
  10 gnolls
  13 adders
  4 river rats (D:6)
  7 shadow imps
  An adder skeleton (D:6)
  2 worms (D:3)
  A dart slug (D:3)
  8 leopard geckos
  100 orcs
  7 giant cockroaches
  14 goblins
  2 hobgoblins (D:3)
  11 jackals
  4 quokkas
  2 ball pythons
  4 bats
  5 frilled lizards
  A jackal skeleton (D:4)
  15 kobolds
  2 leopard gecko skeletons (D:4)
  A leopard gecko zombie (D:7)
  18 rats
  2 tentacles (Shoals:2)
1131 creatures vanquished.

Vanquished Creatures (collateral kills)
  Prince Ribbit (D:6)
  Eustachio (D:6)
  A quokka (D:6)
3 creatures vanquished.

Vanquished Creatures (others)
  A satyr (Shoals:2)
  A cyclops (Shoals:3)
  A faun (Shoals:1)
  A merfolk (Shoals:3)
  A snapping turtle (Shoals:2)
  A centaur (Shoals:1)
  7 fungi
  6 plants
  5 tentacles (Shoals:2)
24 creatures vanquished.

Grand Total: 1158 creatures vanquished

Notes
Turn   | Place    | Note
-------+----------+-------------------------------------------
     0 | D:1      | Gumption the Gargoyle Gladiator began the quest for the
                  | Orb.
     0 | D:1      | Reached XP level 1. HP: 12/12 MP: 1/1
   207 | D:1      | Reached XP level 2. HP: 18/18 MP: 2/2
   539 | D:2      | Noticed Jessica
   614 | D:2      | Reached skill level 1 in Armour
   614 | D:2      | Reached XP level 3. HP: 12/22 MP: 3/3
   956 | D:2      | Reached XP level 4. HP: 27/27 MP: 4/4
   960 | D:2      | Noticed Terence
   983 | D:2      | Killed Terence
  1295 | D:2      | Killed Jessica
  1295 | D:2      | Reached XP level 5. HP: 29/32 MP: 5/5
  1826 | D:3      | Noticed a water moccasin
  1852 | D:3      | Killed a water moccasin
  1852 | D:3      | Reached XP level 6. HP: 8/37 MP: 6/6
  2180 | D:3      | Found a basalt altar of Yredelemnul.
  2203 | D:3      | Reached skill level 5 in Maces & Flails
  2454 | D:3      | Found a runed translucent door.
  2455 | D:3      | Noticed Crazy Yiuf
  2607 | D:4      | Found a staircase to the Ecumenical Temple.
  2623 | D:4      | Reached XP level 7. HP: 36/43 MP: 7/7
  2637 | Temple   | Entered the Ecumenical Temple
  2882 | Temple   | Became a worshipper of Cheibriados the Contemplative
  2947 | D:4      | Found a runed translucent door.
  2952 | D:4      | Noticed kaisn's ghost (amateur OpWz)
  2981 | D:4      | Killed kaisn's ghost
  2981 | D:4      | Reached skill level 1 in Invocations
  3354 | D:4      | Reached skill level 2 in Invocations
  3391 | D:4      | Found a sparkling altar of Nemelex Xobeh.
  3444 | D:4      | Found a white marble altar of Elyvilon.
  3636 | D:4      | Noticed Blork the orc
  3650 | D:4      | Killed Blork the orc
  3650 | D:4      | Reached XP level 8. HP: 35/48 MP: 8/10
  3731 | D:4      | Found a hazy altar of Hepliaklqana.
  3790 | D:4      | Found Lulin's Book Boutique.
  4007 | D:5      | Entered Level 5 of the Dungeon
  4158 | D:5      | Found a snail-covered altar of Cheibriados.
  4241 | D:5      | Reached * piety under Cheibriados
  4312 | D:5      | Noticed Sigmund
  4317 | D:5      | Reached skill level 3 in Invocations
  4348 | D:5      | Noticed Menkaure
  4354 | D:5      | Killed Menkaure
  4394 | D:5      | Killed Sigmund
  4394 | D:5      | Reached skill level 5 in Fighting
  4394 | D:5      | Reached skill level 4 in Invocations
  4567 | D:5      | Noticed Grinder
  4575 | D:5      | Killed Grinder
  4590 | D:5      | Found a radiant altar of Vehumet.
  4612 | D:5      | Noticed a -2 dagger
  4612 | D:5      | Noticed a +0 hand axe
  4614 | D:5      | Found a hide-covered altar of Uskayaw.
  4658 | D:5      | Found a blossoming altar of Fedhas.
  4808 | D:6      | Found a burning altar of Makhleb.
  4871 | D:6      | Reached XP level 9. HP: 46/54 MP: 12/12
  4928 | D:6      | Reached skill level 5 in Invocations
  4969 | D:6      | Reached ** piety under Cheibriados
  5042 | D:6      | Found Silimia's Antique Weapon Shop.
  5045 | D:6      | Bought a smoking mace for 152 gold pieces
  5045 | D:6      | Identified the +9 mace "Rittomy" {freeze, rF+ rC+} (You
                  | bought it in a shop on level 6 of the Dungeon)
  5129 | D:6      | Reached skill level 5 in Armour
  5166 | D:6      | Found the +2 ratskin cloak {+Rats rPois rN+ Str-1 Int-1
                  | Dex+1}
  5239 | D:6      | Reached skill level 1 in Shields
  5291 | D:6      | Noticed Eustachio
  5301 | D:6      | Killed Eustachio
  5369 | D:6      | Noticed Prince Ribbit
  5374 | D:6      | Killed Prince Ribbit
  5378 | D:6      | Found a shadowy altar of Dithmenos.
  5498 | D:6      | Noticed a balrug
  5508 | D:6      | Reached skill level 6 in Invocations
  5634 | D:6      | Reached *** piety under Cheibriados
  5698 | D:6      | Reached skill level 5 in Throwing
  6029 | D:7      | Reached XP level 10. HP: 60/60 MP: 14/14
  6407 | D:7      | Reached **** piety under Cheibriados
  6641 | D:8      | Reached skill level 7 in Invocations
  6670 | D:8      | Found a sacrificial altar of Ru.
  6915 | D:9      | Found an ornate altar of the Wu Jian Council.
  6965 | D:9      | Noticed a gargoyle
  6969 | D:9      | Killed a gargoyle
  6969 | D:9      | Reached skill level 5 in Shields
  7062 | D:9      | Found a glowing golden altar of the Shining One.
  7122 | D:9      | Reached ***** piety under Cheibriados
  7148 | D:9      | Noticed a two-headed ogre
  7173 | D:9      | Killed a two-headed ogre
  7173 | D:9      | Reached skill level 8 in Invocations
  7173 | D:9      | Reached XP level 11. HP: 35/67 MP: 15/17
  7227 | D:9      | Found a roughly hewn altar of Beogh.
  7318 | D:9      | Found a staircase to the Lair.
  7438 | D:9      | Found a runed translucent gate.
  7450 | D:9      | Found a runed translucent gate.
  7451 | D:9      | Noticed a brown ugly thing
  7451 | D:9      | Noticed a brown ugly thing
  7451 | D:9      | Noticed a red ugly thing
  7456 | D:9      | Found a runed translucent gate.
  7456 | D:9      | Noticed a brown ugly thing
  7456 | D:9      | Noticed a purple ugly thing
  7456 | D:9      | Noticed a brown ugly thing
  7457 | D:9      | Noticed a glowing orange brain
  7811 | D:10     | Entered Level 10 of the Dungeon
  7811 | D:10     | Found Dekkemud's Food Shop.
  7811 | D:10     | Found Lokeba's General Store.
  7878 | D:10     | Bought a scroll of identify for 26 gold pieces
  7878 | D:10     | Bought a scroll of identify for 26 gold pieces
  7878 | D:10     | Bought a scroll of identify for 26 gold pieces
  7994 | D:10     | Found a staircase to the Orcish Mines.
  8017 | D:10     | Noticed Erica
  8026 | D:10     | Reached ****** piety under Cheibriados
  8047 | D:10     | Killed Erica
  8047 | D:10     | Reached skill level 10 in Maces & Flails
  8047 | D:10     | Reached skill level 9 in Invocations
  8224 | D:10     | Found Noru's Assorted Antiques.
  8233 | D:10     | Bought a scroll of identify for 42 gold pieces
  8233 | D:10     | Bought an orange potion for 18 gold pieces
  8233 | D:10     | Bought a scroll labeled AFEDAU HUGGUAST for 21 gold pieces
  8233 | D:10     | Bought a sedimented grey potion for 18 gold pieces
  8251 | D:10     | Found Orupiur's Magic Scroll Shop.
  8259 | D:10     | Bought 3 scrolls of teleportation for 117 gold pieces
  8321 | D:10     | Found Foil's Food Shop.
  8882 | D:11     | Noticed a two-headed ogre
  8884 | D:11     | Noticed Erolcha
  8888 | D:11     | Noticed a cyclops
  8889 | D:11     | Noticed a two-headed ogre
  8891 | D:11     | Killed an unseen horror
  8892 | D:11     | Killed an unseen horror
  8892 | D:11     | Reached XP level 12. HP: 73/73 MP: 12/19
  8893 | D:11     | Killed a two-headed ogre
  8893 | D:11     | Killed Erolcha
  8896 | D:11     | Killed a two-headed ogre
  9635 | D:3      | Killed Crazy Yiuf
  9818 | D:8      | Noticed Maurice
  9827 | D:8      | Killed Maurice
  9827 | D:8      | Reached skill level 10 in Invocations
  9845 | D:8      | Found an ancient bone altar of Kikubaaqudgha.
 10047 | Lair:1   | Entered Level 1 of the Lair of Beasts
 10531 | Lair:1   | Noticed a seven-headed hydra
 10542 | Lair:1   | Killed a seven-headed hydra
 10544 | Lair:1   | Noticed Gastronok
 10567 | Lair:1   | Killed Gastronok
 10675 | Lair:1   | You fall into a shaft and drop 1 floor!
 10679 | Lair:2   | Reached XP level 13. HP: 79/79 MP: 20/20
 11046 | Lair:2   | Found a staircase to the Shoals.
 11215 | Lair:2   | Reached skill level 11 in Invocations
 12155 | Lair:3   | Reached skill level 10 in Shields
 12658 | Lair:4   | Found a transporter.
 12665 | Lair:4   | Noticed Ijashusm's ghost (journeyman MiBe)
 12855 | Lair:4   | Found a hole to the Spider Nest.
 13005 | Lair:4   | Found a transporter.
 13526 | Lair:5   | Found a gate leading to a gauntlet.
 13529 | Lair:5   | You fall into a shaft and drop 1 floor!
 13529 | Lair:6   | Entered Level 6 of the Lair of Beasts
 13559 | Lair:6   | Gained mutation: Your large and strong wings let you fly
                  | indefinitely. [Gargoyle growth]
 13559 | Lair:6   | Reached XP level 14. HP: 72/86 MP: 22/22
 13620 | Lair:6   | Reached skill level 12 in Invocations
 13645 | Lair:6   | Found the +7 great mace "Undeadhunter" {disrupt, rN+}
 13910 | Lair:6   | Found a hazy altar of Hepliaklqana.
 14159 | Lair:5   | Found a glowing golden altar of the Shining One.
 14237 | Lair:5   | Reached skill level 10 in Fighting
 15144 | Lair:6   | Paralysed by a floating eye for 4 turns
 15746 | D:6      | Bought an ancient arbalest for 180 gold pieces
 15746 | D:6      | Identified the +7 arbalest of Gulocuy {penet, rElec Str+4
                  | Stlth-} (You bought it in a shop on level 6 of the Dungeon)
 16786 | D:13     | Reached skill level 10 in Armour
 16788 | D:13     | Reached skill level 13 in Invocations
 16788 | D:13     | Reached XP level 15. HP: 92/92 MP: 18/24
 16837 | D:13     | Noticed Urug
 16856 | D:13     | Killed Urug
 18224 | D:14     | Found a gate to the Vaults.
 18530 | D:14     | Identified a scroll of acquirement
 18722 | D:15     | Entered Level 15 of the Dungeon
 19362 | D:15     | Reached XP level 16. HP: 94/100 MP: 26/26
 19367 | D:15     | Reached skill level 14 in Invocations
 19573 | D:15     | Found a staircase to the Depths.
 19888 | Spider:1 | Entered Level 1 of the Spider Nest
 19979 | Spider:1 | Found a runed translucent door.
 19979 | Spider:1 | Noticed Monuek's ghost (adept TrMo)
 21066 | Spider:2 | Noticed Aizul
 21080 | Spider:2 | Killed Aizul
 21328 | Spider:2 | Noticed Arachne
 21352 | Spider:2 | Killed Arachne
 21352 | Spider:2 | Reached skill level 10 in Throwing
 21701 | Spider:3 | Reached skill level 15 in Invocations
 22018 | Spider:3 | Reached XP level 17. HP: 86/106 MP: 25/28
 22449 | Spider:4 | Entered Level 4 of the Spider Nest
 22994 | Orc:1    | Entered Level 1 of the Orcish Mines
 23053 | Orc:1    | Found Pegiosaapp's Armour Boutique.
 23146 | Orc:1    | Found Jomereol's Assorted Antiques.
 23157 | Orc:1    | Found a transporter.
 23160 | Orc:1    | Noticed Ymoj Xits's ghost (journeyman FeCK)
 23169 | Orc:1    | Found a transporter.
 23238 | Orc:1    | Found Uteonue's Food Shoppe.
 23293 | Orc:1    | Found Yrrut's Gadget Shop.
 23345 | Orc:1    | Found Xaohevoe's General Store.
 23579 | Orc:2    | Entered Level 2 of the Orcish Mines
 23680 | Orc:2    | Noticed Josephine
 23696 | Orc:2    | Killed Josephine
 23805 | Orc:2    | Noticed Saint Roka
 23820 | Orc:2    | HP: 3/106 [Saint Roka/divine providence (12)]
 23827 | Orc:2    | Killed Saint Roka
 23827 | Orc:2    | Reached skill level 15 in Shields
 24194 | Orc:2    | Found a staircase to the Elven Halls.
 24251 | Orc:2    | Noticed Rupert
 24272 | Orc:2    | Killed Rupert
 24284 | Orc:2    | Found an iron altar of Okawaru.
 24360 | Orc:2    | Found a roughly hewn altar of Beogh.
 24589 | Orc:2    | Found Gysuroeh's Antique Weapon Boutique.
 24606 | Orc:2    | Found Kanuysch's Antique Armour Boutique.
 24631 | Orc:2    | Found Zuyqyjy's General Store.
 24680 | Orc:2    | Found Izifac's Book Boutique.
 24918 | Orc:2    | Reached skill level 16 in Invocations
 25058 | Orc:2    | Bought a fine flail for 323 gold pieces
 25058 | Orc:2    | Identified the +8 flail of Evolution {elec, +Inv rN+ Int+2
                  | SInv} (You bought it in a shop on level 2 of the Orcish
                  | Mines)
 25080 | Orc:2    | Bought glowing fire dragon scales for 1575 gold pieces
 25270 | Shoals:1 | Entered Level 1 of the Shoals
 26089 | Shoals:1 | Noticed Nikola
 26118 | Shoals:1 | Killed Nikola
 26118 | Shoals:1 | Reached XP level 18. HP: 60/113 MP: 30/30
 28171 | Shoals:3 | Reached skill level 17 in Invocations
 28680 | Shoals:4 | Entered Level 4 of the Shoals
 28703 | Shoals:4 | Identified Hileid's Collected Works on the Blistering
                  | Escort
 28810 | Shoals:4 | Demolished by an alligator snapping turtle

Levels and vault maps discovered:
D:1:      dpeg_arrival_rhombi, layout_rooms, hex_tiny
D:2:      layout_basic, first_ration, uniq_terence, uniq_jessica
D:3:      layout_basic, lemuel_round_altar, uniq_crazy_yiuf_cottage
D:4:      layout_gridville, old_standard_altar, lemuel_crystal_altar,
          lemuel_doored_altar, temple_statues, ebering_ghost_inner_flame,
          serial_shops, nicolae_shop_statue_plus, uniq_blork_the_orc
D:5:      layout_loops_ring, fedhas_altar_3, dancing_weapons_uskayaw,
          vehumet_crystals, basic_altar, uniq_menkaure, uniq_sigmund,
          uniq_grinder
D:6:      wander_guarded_unrand_ratskin, layout_basic, lemuel_crystal_altar,
          makhleb_altar_promises_db, serial_shops, kennysheep_mini_moat,
          uniq_prince_ribbit1, uniq_eustachio
D:7:      layout_loops_ring, eino_small_chamber_without_monster,
          chequers_decorated_corner
D:8:      layout_basic, nicolae_overflow_crystal_walls,
          overflow_temple_1_default, uniq_maurice
D:9:      minmay_curly_fans, layout_loops_ring, tso_metal_star,
          lemuel_crystal_altar, minmay_lair_entry_grove,
          ploomutoo_gammafunk_ghost_potion_laboratory, special_room
          [special_room_orc]
D:10:     layout_basic, erik_orc_4, serial_shops,
          nicolae_shop_overgrown_old_shop, shop, shop, shop, shop, uniq_erica
D:11:     layout_roguey, uniq_erolcha
D:12:     layout_loops_ring, grunt_livestock
D:13:     layout_rooms, serial_aquarium, aquarium_bridge_long_separate
          [aquarium_subvault_bridge, aquarium_subvault_wall,
          aquarium_subvault_bridge, aquarium_subvault_wall,
          aquarium_subvault_wall, aquarium_subvault_bridge],
          aquarium_bridge_square [aquarium_subvault_bridge,
          aquarium_subvault_wall, aquarium_subvault_bridge,
          aquarium_subvault_bridge], aquarium_window_fake,
          aquarium_window_corridor_1, aquarium_window_fake, aquarium_window_1,
          aquarium_view_2d, uniq_urug
D:14:     layout_grid_maze, hangedman_vaults_entry_quadrant_bands,
          chequers_serial_rivers_large_a, minivault_11,
          kennysheep_generic_room_4
D:15:     gammafunk_enter_depths_forms, layout_loops_cross,
          hangedman_abyss_or_decor_stabs
Temple:   jpeg_temple_island
Lair:1:   layout_gridlike, uniq_gastronok
Lair:2:   layout_cave_pods, elwin_shoals_entry_stream
Lair:3:   layout_big_grid
Lair:4:   layout_regular_city, spider_nest_entry_webs, gammafunk_ghost_arena
Lair:5:   layout_small_grid, minmay_slime_entry_oklob_enclosed,
          gauntlet_entry_generic, basic_altar, st_stairs_4, lemuel_fruit_tree,
          serial_bayou_shore_b
Lair:6:   evilmike_catoblepas_cave, layout_regular_city, basic_altar,
          disabler_island
Shoals:1: layout_shoals, uniq_nikola
Shoals:2: layout_shoals
Shoals:3: layout_shoals, abandoned_shop
Shoals:4: shoals_end_simple, layout_shoals, nicolae_shoals_loop_pool, uniq_mara,
          uniq_polyphemus
Spider:1: layout_spider_delve, ebering_ghost_inner_flame, guppyfry_spider_mini_3
Spider:2: layout_spider_delve, uniq_arachne, uniq_aizul
Spider:3: layout_spider_delve
Spider:4: spider_rune_water, nicolae_spider_cling_ruins, uniq_roxanne
Orc:1:    layout_caves, special_room [special_room_bee], serial_shops,
          nicolae_shop_waterfront, shop, nicolae_shop_overgrown_old_shop, shop,
          shop, gammafunk_ghost_stat_death
Orc:2:    grunt_orc_cross, layout_diamond_mine, nicolae_orc_bridge_out,
          okawaru_metal_pillars_1_2, uniq_rupert, uniq_josephine

Skill      XL: |  1  2  3  4  5  6  7  8  9 10 11 12 13 14 15 16 17 18 |
---------------+-------------------------------------------------------+-----
Throwing       | 2 3 4 5 6 7 8 9 10 11 | 11.5
Armour         | 1 2 3 4 5 6 7 8 9 10 11 12 13 | 13.1
Fighting       | 3 4 5 6 7 8 9 10 11 12 13 | 13.3
Maces & Flails | 4 5 6 7 8 9 10 11 12 13 14 | 14.0
Invocations    | 2 4 6 8 9 10 11 13 15 16 17 | 17.2
Shields        | 3 5 7 9 10 11 13 14 15 | 15.0
Dodging        | |  2.4

Action                   |  1- 3 |  4- 6 |  7- 9 | 10-12 | 13-15 | 16-18 || total
-------------------------+-------+-------+-------+-------+-------+-------++-------
Melee: Flail             |    67 |   153 |   183 |       |       |   357 ||   760
       Mace              |       |       |    85 |   508 |   897 |   754 ||  2244
Throw: Boomerang         |    41 |    54 |   133 |   212 |   468 |   455 ||  1363
       Throwing net      |       |     3 |       |       |     1 |     4 ||     8
       Dart              |       |       |       |    37 |     7 |     3 ||    47
       Javelin           |       |       |       |       |    13 |    30 ||    43
Invok: Slouch            |       |       |       |     7 |    13 |    22 ||    42
       Bend Time         |       |       |       |     4 |     8 |     8 ||    20
       Temporal Distorti |       |       |       |     1 |       |       ||     1
 Abil: Evoke Ratskin     |       |       |     2 |     2 |       |     1 ||     5
       Fly               |       |       |       |       |     1 |       ||     1
Evoke: Wand              |       |       |       |     1 |       |       ||     1
  Use: Scroll            |       |       |    13 |    13 |    11 |     5 ||    42
       Potion            |       |       |     1 |     1 |       |     5 ||     7
 Stab: Distracted        |       |       |       |       |       |     1 ||     1
       Held in net/web   |       |       |       |       |       |     1 ||     1
  Eat: Chunk             |       |     6 |    10 |    12 |    17 |    18 ||    63
       Ration            |       |       |       |       |     1 |     1 ||     2
Armor: Scale mail        |    37 |    94 |    13 |       |       |       ||   144
       Chain mail        |       |       |   137 |    41 |       |       ||   178
       Skin              |       |       |     5 |       |       |       ||     5
       Plate armour      |       |       |       |   243 |   408 |   400 ||  1051
       Fire dragon scale |       |       |       |       |       |   127 ||   127
Dodge: Dodged            |    44 |    91 |    57 |    95 |   243 |   461 ||   991
Block: Shield            |       |       |    62 |   299 |   633 |  1056 ||  2050
       Reflection        |       |       |       |       |       |    65 ||    65

Table legend:
 A = Non-vault XP
 B = Vault XP
 C = Vault XP percentage of total XP
 D = Non-vault monster count
 E = Vault monster count
 F = Vault count percentage of total count
                 A         B        C        D         E       F
            +---------+---------+-------+---------+---------+-------
      Total |  213218 |   68795 |  24.4 |     891 |     247 |  21.7
            +---------+---------+-------+---------+---------+-------
        D:1 |      15 |       0 |   0.0 |      10 |       0 |   0.0
        D:2 |      86 |      73 |  45.9 |      16 |       2 |  11.1
        D:3 |     400 |      40 |   9.1 |      33 |       1 |   2.9
        D:4 |     420 |     238 |  36.2 |      21 |       2 |   8.7
        D:5 |     346 |     654 |  65.4 |      10 |       3 |  23.1
        D:6 |    1502 |     557 |  27.1 |      35 |      23 |  39.7
        D:7 |    1210 |       0 |   0.0 |      24 |       0 |   0.0
        D:8 |    1717 |     503 |  22.7 |      23 |       1 |   4.2
        D:9 |    3370 |    2951 |  46.7 |      32 |      42 |  56.8
       D:10 |    1504 |    1438 |  48.9 |      37 |      18 |  32.7
       D:11 |    6663 |    1068 |  13.8 |      40 |       1 |   2.4
       D:12 |    3556 |     965 |  21.3 |      25 |       5 |  16.7
       D:13 |   13266 |     819 |   5.8 |      33 |       1 |   2.9
       D:14 |   14217 |    5939 |  29.5 |      37 |      19 |  33.9
       D:15 |   13281 |    4131 |  23.7 |      32 |       9 |  22.0
     Lair:1 |    4644 |    2213 |  32.3 |      19 |       1 |   5.0
     Lair:2 |    6194 |    1492 |  19.4 |      35 |       4 |  10.3
     Lair:3 |    3859 |       0 |   0.0 |      22 |       0 |   0.0
     Lair:4 |    8697 |     665 |   7.1 |      32 |       3 |   8.6
     Lair:5 |    3109 |     244 |   7.3 |      10 |       2 |  16.7
     Lair:6 |   10547 |   11631 |  52.4 |      31 |      25 |  44.6
   Shoals:1 |   18750 |    2897 |  13.4 |      37 |       1 |   2.6
   Shoals:2 |   14915 |       0 |   0.0 |      30 |       0 |   0.0
   Shoals:3 |   12842 |       0 |   0.0 |      32 |       0 |   0.0
   Shoals:4 |    4392 |    3678 |  45.6 |       8 |       7 |  46.7
   Spider:1 |   11249 |    1892 |  14.4 |      34 |       8 |  19.0
   Spider:2 |   17470 |    5526 |  24.0 |      45 |       2 |   4.3
   Spider:3 |   21411 |       0 |   0.0 |      63 |       0 |   0.0
   Spider:4 |    8393 |       0 |   0.0 |      19 |       0 |   0.0
      Orc:1 |    1771 |    1824 |  50.7 |      19 |      25 |  56.8
      Orc:2 |    3422 |   17357 |  83.5 |      47 |      42 |  47.2
            +---------+---------+-------+---------+---------+-------
